 Dungeon Crawl Stone Soup version 0.17.1-3-g152610e (webtiles) character file.

349 Stendarr the Magician (level 6, -1/53 HPs)
             Began as a Troll Fire Elementalist on Apr 18, 2016.
             Slain by an orc wizard
             ... wielding a +0 dagger
              (2 damage)
             ... on level 4 of the Dungeon.
             The game lasted 00:12:10 (3154 turns).

Stendarr the Magician (Troll Fire Elementalist)     Turns: 3154, Time: 00:12:11

Health: -1/53      AC:  5    Str: 17    XL:     6   Next: 33%
Magic:  1/10       EV:  9    Int: 13    God:
Gold:   161        SH:  0    Dex: 10    Spells: 3 memorised, 6 levels left

rFire  . . .     SeeInvis .     (no weapon)
rCold  . . .     Clarity  +     a - +0 robe
rNeg   . . .     SustAt   .     (no shield)
rPois  .         Gourm    +     q - +0 hat
rElec  .         Spirit   .     (no cloak)
rCorr  .         Warding  .     (gloves unavailable)
rMut   .         Stasis   .     (boots unavailable)
MR     .....                    h - amulet of clarity
Stlth  +.........               (no ring)
                                (no ring)

@: very slightly contaminated, invisible, not resistant to hostile enchantments,
very unstealthy
A: unfitting armour, claws 3, fast metabolism 3, gourmand, regeneration 2,
shaggy fur 1, tough skin 2
a: no special abilities


You were on level 4 of the Dungeon.
You were very full.

You visited 1 branch of the dungeon, and saw 4 of its levels.

You collected 161 gold pieces.

Inventory:

Missiles
 j - 5 javelins of penetration (quivered)
 u - 7 needles of confusion
 v - 18 poisoned needles
Armour
 a - a +0 robe (worn)
 q - a +0 hat (worn)
Magical Staves
 t - an uncursed staff of air
Jewellery
 h - an amulet of clarity (around neck)
 o - an uncursed amulet of warding
Wands
 x - a wand of fire (12)
Scrolls
 e - 3 scrolls of immolation
 i - a scroll of identify
 l - a scroll of recharging
 n - a scroll of fog
Potions
 d - a potion of agility
 m - a potion of cancellation
 p - a potion of degeneration {unknown}
 w - a potion of heal wounds {unknown}
Books
 b - a book of Flames

   Spells                             Type                      Level
   a - Flame Tongue                   Conjuration/Fire             1
   b - Throw Flame                    Conjuration/Fire             2
   c - Conjure Flame                  Conjuration/Fire             3
   d - Inner Flame                    Hexes/Fire                   3
   e - Sticky Flame                   Conjuration/Fire             4
   f - Fireball                       Conjuration/Fire             5
Comestibles
 c - 11 bread rations
 g - 3 beef jerkies
 k - a slice of pizza
 r - 7 chunks of flesh


   Skills:
 - Level 1.5 Dodging
 - Level 1.1 Stealth
 + Level 3.5 Spellcasting
 + Level 2.4 Conjurations
 + Level 2.4 Fire Magic


You had 6 spell levels left.
You knew the following spells:

 Your Spells              Type           Power        Failure   Level  Hunger
a - Flame Tongue          Conj/Fire      #....        10%         1    #......
b - Throw Flame           Conj/Fire      #.....       14%         2    ##.....
c - Conjure Flame         Conj/Fire      #.......     28%         3    ###....


Dungeon Overview and Level Annotations

Branches:
Dungeon (4/15)
 Temple: D:4-7

Altars:
Elyvilon
Nemelex Xobeh
Okawaru
Xom
The Shining One

Shops:
D:4 (

Annotations:
D:4 Grinder


Innate Abilities, Weirdness & Mutations

You are too large for most types of armour.
You have claws for hands.
Your metabolism is lightning-fast.
You like to eat raw meat.
You heal very quickly.
You are covered in fur (AC +1).
You have very tough skin (AC +2).


Message History

Grinder hits you!
* * * LOW HITPOINT WARNING * * *
You writhe in agony.
* * * LOW HITPOINT WARNING * * *
The orc barely misses you.
You hear some strange, mumbled words.
A puff of flame appears from out of thin air!
The puff of flame hits you!
* * * LOW HITPOINT WARNING * * *
The orc priest calls down the wrath of Beogh upon you.
You barely resist.
Unknown command.
Drink which item? (? for menu, Esc to quit)
You fade into invisibility!
Grinder hits you.
* * * LOW HITPOINT WARNING * * *
You writhe in agony.
* * * LOW HITPOINT WARNING * * *
The orc hits you but does no damage. Something hits you.
You die...

.......))........................
#################################
#.......# #.. # ###'#####.# #%#
###.# ........#.# ........#
........#.# #.#...# ........#.#
#o§.# ........#.# ##{..#
(.......#.# #@o#.# ........#.#
#§o5# .. ........#.####.§#§# .#
........#.........# .. .
..#..#######.######### .. ....##
#.#.................. . ...5..
#.##..####### #....#######......
#............ +..5<.............
#####[.###### #........∩........


You could see Grinder, an orc priest and 2 orcs.

Vanquished Creatures
  An orc priest (D:3)
  2 hounds
  A worker ant (D:4)
  2 orc wizards (D:3)
  4 adders
  4 gnolls (D:4)
  An ooze (D:2)
  2 worms (D:2)
  18 orcs
  A ball python (D:1)
  3 giant cockroaches
  2 goblins
  7 hobgoblins
  7 jackals
  2 quokkas (D:3)
  10 bats
  2 giant geckos
  A giant newt (D:2)
  5 kobolds
  9 rats
84 creatures vanquished.

Vanquished Creatures (others)
  An orc wizard (D:3)
1 creature vanquished.

Grand Total: 85 creatures vanquished

Notes
Turn   | Place    | Note
--------------------------------------------------------------
     0 | D:1      | Stendarr the Troll Fire Elementalist began the quest for the Orb.
     0 | D:1      | Reached XP level 1. HP: 16/16 MP: 1/1
   175 | D:1      | Reached skill level 1 in Conjurations
   177 | D:1      | Reached XP level 2. HP: 24/24 MP: 3/3
   900 | D:2      | Found a glowing golden altar of the Shining One.
   902 | D:2      | Found a shimmering altar of Xom.
   909 | D:2      | Found an iron altar of Okawaru.
   909 | D:2      | Found a sparkling altar of Nemelex Xobeh.
  1152 | D:2      | Reached XP level 3. HP: 31/31 MP: 5/5
  1633 | D:2      | Found a white marble altar of Elyvilon.
  1803 | D:3      | Reached XP level 4. HP: 23/39 MP: 0/6
  1914 | D:3      | Reached skill level 3 in Spellcasting
  1914 | D:3      | Reached XP level 5. HP: 17/45 MP: 2/8
  2627 | D:4      | Found Dubo's Antique Weapon Boutique.
  2627 | D:4      | Noticed Grinder
  2633 | D:3      | Learned a level 2 spell: Throw Flame
  2793 | D:4      | Reached XP level 6. HP: 43/53 MP: 4/10
  2952 | D:4      | Learned a level 3 spell: Conjure Flame
  3154 | D:4      | HP: 1/53 [Grinder (3)]
  3154 | D:4      | Slain by an orc wizard

Action                   |  1- 3 |  4- 6 || total
-------------------------+-------+-------++-------
Melee: Unarmed           |   125 |   148 ||   273
 Cast: Flame Tongue      |    19 |    58 ||    77
  Use: Scroll            |       |     7 ||     7
       Potion            |       |     1 ||     1
 Stab: Sleeping          |     1 |     1 ||     2
  Eat: Chunk             |    19 |    16 ||    35
